 Dungeon Crawl Stone Soup version 0.30-a0-777-ga9a30cbeda (webtiles) character file.

Game seed: 6968420517010405957

574 themarg the Sneak (level 7, -6/45 HPs)
             Began as an Octopode Venom Mage on Feb 13, 2023.
             Was an Initiate of Sif Muna.
             Mangled by an iguana (14 damage)
             ... on level 4 of the Dungeon.
             The game lasted 00:21:20 (5641 turns).

themarg the Sneak (Octopode Venom Mage)             Turns: 5641, Time: 00:21:20

Health: -6/45      AC:  1    Str:  9    XL:     7   Next: 35%
Magic:  5/13       EV: 14    Int: 18    God:    Sif Muna [......]
Gold:   32         SH:  0    Dex: 12    Spells: 11/14 levels left

rFire   . . .      SeeInvis .    j - +0 short sword
rCold   + . .      Faith    .    (no shield)
rNeg    . . .      Spirit   .    (helmet restricted)
rPois   .          Reflect  .    (no amulet)
rElec   .          Harm     .    y - ring of protection from cold
rCorr   .          Rampage  .    (no ring)
Will    .....                    (no ring)
Stlth   ++++                     (no ring)
HPRegen 0.27/turn                (no ring)
MPRegen 0.13/turn                (no ring)
                                 (no ring)
                                 (no ring)

@: no status effects
A: almost no armour, amphibious, 8 rings, camouflage 1, gelatinous body 1,
(nimble swimmer 1), tentacles
a: Renounce Religion


You were on level 4 of the Dungeon.
You worshipped Sif Muna.
Sif Muna was noncommittal.
You visited 2 branches of the dungeon, and saw 6 of its levels.

You collected 262 gold pieces.
You spent 230 gold pieces at shops.

Inventory:

Hand Weapons
 g - a +0 dagger
 j - a +0 short sword (weapon)
Missiles
 b - 2 datura-tipped darts
 e - 5 poisoned darts
 f - 64 stones
 l - 2 silver boomerangs
Magical Staves
 n - a staff of death
Jewellery
 w - a ring of fire
 y - a ring of protection from cold (left tentacle)
Scrolls
 p - a scroll of vulnerability {unknown}
 q - 2 scrolls of torment
 r - 2 scrolls of teleportation {unknown}
 s - a scroll of magic mapping {unknown}
 t - a scroll of summoning
 v - a scroll of fear {unknown}
 x - a scroll of immolation {unknown}
 B - 3 scrolls of enchant weapon
Potions
 a - a potion of magic
 c - 3 potions of heal wounds
 d - a potion of mutation {unknown}
 h - a potion of brilliance {unknown}
 i - a potion of lignification {unknown}
 k - 5 potions of curing
 m - 2 potions of invisibility {unknown}
 o - a potion of degeneration {unknown}
 u - a potion of might {unknown}
 z - a potion of haste {unknown}
 A - a potion of cancellation


   Skills:
 + Level 2.7 Fighting
 + Level 3.5 Dodging
 - Level 5.0 Stealth
 * Level 4.2 Spellcasting
 - Level 2.0 Transmutations
 - Level 2.0 Air Magic
 * Level 4.5 Poison Magic


You had 11 spell levels left.
You knew the following spells:

 Your Spells              Type           Power      Damage    Failure   Level
a - Sting                 Tmut/Pois      60%        1d6       3%          1
b - Poisonous Vapours     Pois/Air       30%        N/A       6%          2

Your spell library contained the following spells:

 Spells                   Type           Power      Damage    Failure   Level
 Sandblast                Erth           6%         2d5       14%         1
 Passwall                 Tmut/Erth      5%         N/A       14%         2
 Mephitic Cloud           Conj/Pois/Air  11%        N/A       19%         3
 Sublimation of Blood     Necr           3%         N/A       22%         2
 Olgreb's Toxic Radiance  Pois           19%        N/A       22%         4
 Vhi's Electric Charge    Tloc/Air       14%        N/A       28%         3
 Inner Flame              Hex/Fire       3%         N/A       41%         3
 Stone Arrow              Conj/Erth      6%         3d7       41%         3
 Petrify                  Tmut/Erth      7%         N/A       67%         4
 Flame Wave               Conj/Fire      3%         2d5       82%         4
 Sticky Flame             Conj/Fire      3%         2d3       82%         4
 Arcjolt                  Conj/Air       3%         1d13      95%         5
 Irradiate                Conj/Tmut      3%         3d12      95%         5
 Maxwell's Capacitive Co  Air            5%         ∞         100%        8


Dungeon Overview and Level Annotations

Branches:
Dungeon (5/15)             Temple (1/1) D:4

Altars:
Ashenzari
Cheibriados
Elyvilon
Fedhas
Gozag
Hepliaklqana
Makhleb
Nemelex Xobeh
Okawaru
Qazlal
Ru
Sif Muna
Wu Jian
Xom
Yredelemnul
Zin
The Shining One

Shops:
D:4 **


Innate Abilities, Weirdness & Mutations

You cannot wear most types of armour.
You are amphibious.
You can wear up to eight rings at the same time.
Your skin changes colour to match your surroundings (Stealth+).
Your rubbery body absorbs attacks. (AC +1, EV +1)
((You are camouflaged when in or above water. (Stealth+)))
You have tentacles for arms and can constrict up to eight enemies at once.


Message History

Aiming: Poisonous Vapours (safe; 6% risk of failure)
Press: ? - help, Dir - move target, f/p - adder
Aim: an adder (lightly wounded, poisoned, ally target) Poisonous vapours surround the adder!
The adder looks even sicker.
You feel sick.
You are no longer poisoned.
Your giant cockroach misses the adder.
The adder misses you. The iguana bites your goblin!
Your goblin dies!
Your goblin's corpse dissolves into shadows!
Your phantom hits the iguana but does no damage.
As you read the scroll of summoning, it crumbles to dust.
Wisps of shadow whirl around you...
Your giant cockroach barely misses the adder.
Your quokka barely misses the iguana.
The adder bites you. The iguana bites your orc!
Your orc dies!
Your orc's corpse dissolves into shadows!
Your giant cockroach closely misses the adder.
Your quokka barely misses the iguana.
Your phantom hits the iguana.
Your phantom blinks!
The iguana blinks!
You swap places.
The adder closely misses your phantom. The iguana closely misses you.
The adder bites your phantom.
Your giant cockroach barely misses the adder.
Aiming: Poisonous Vapours (safe; 6% risk of failure)
Press: ? - help, Dir - move target, f - iguana, p - adder
Aim: an iguana (lightly wounded, ally target) Poisonous vapours surround the iguana!
The iguana is poisoned.
The iguana bites you.
* * * LOW HITPOINT WARNING * * *
Your phantom hits the iguana but does no damage.
Aiming: Poisonous Vapours (safe; 6% risk of failure)
Press: ? - help, Dir - move target, f/p - iguana
Aim: an iguana (lightly wounded, poisoned, ally target) Poisonous vapours surround the iguana!
The iguana looks even sicker.
The adder bites you.
* * * LOW HITPOINT WARNING * * *
Your quokka misses the adder. The iguana bites you!
You die...

### ### #.# ### #.# #####.## ##.#
##.### ##.....># ##..####....#
#......)∩ #.....#....## ##...##..
#..........## #....###.
#####......##g.## #..#####.
#..#.....l@#....###...###.<
###...#....gWSrB)...)........
#.....#...#####>.............
#.........#####.)...........)
##............##.............
###...#..#...####.#.....##.#
###..###.###..#.#..#.....#..# ##
##....###.####..........##..##
P♣♣♣P.~~..##.)###.#..............


You could see an iguana (very poisoned, ally target), an adder (poisoned, ally
target), a friendly phantom (summoned), a friendly quokka (summoned), a friendly
giant cockroach (summoned) and a friendly hobgoblin (summoned).

Vanquished Creatures
  A kobold brigand (D:4)
  A gnoll sergeant (D:3)
  A hound (D:4)
  2 orc priests
  2 orc wizards
  An iguana (D:4)
  8 gnolls
  11 adders
  A shadow imp (D:5)
  A worm (D:2)
  2 dart slugs (D:4)
  7 orcs
  5 ball pythons
  3 bats
  6 endoplasms
  6 giant cockroaches
  8 goblins
  9 hobgoblins
  11 kobolds
  A quokka (D:4)
  4 frilled lizards
  5 rats
96 creatures vanquished.

Vanquished Creatures (collateral kills)
  An orc (D:4)
1 creature vanquished.

Grand Total: 97 creatures vanquished

Notes
Turn   | Place    | Note
-------+----------+-------------------------------------------
     0 | D:1      | themarg the Octopode Venom Mage began the quest for the
                  | Orb.
     0 | D:1      | Reached XP level 1. HP: 11/11 MP: 3/3
   261 | D:1      | Reached skill level 3 in Stealth
   261 | D:1      | Reached XP level 2. HP: 12/17 MP: 1/5
   264 | D:1      | Learned a level 2 spell: Poisonous Vapours
   915 | D:2      | Reached XP level 3. HP: 21/21 MP: 4/6
  1236 | D:2      | Reached skill level 1 in Air Magic
  1587 | D:2      | Reached XP level 4. HP: 20/27 MP: 3/7
  1630 | D:2      | Reached skill level 4 in Stealth
  1993 | D:2      | Reached XP level 5. HP: 26/31 MP: 0/8
  2258 | D:3      | Reached skill level 5 in Stealth
  3341 | D:3      | Reached skill level 1 in Fighting
  3341 | D:3      | Reached XP level 6. HP: 19/38 MP: 4/10
  3490 | D:3      | Found a glowing silver altar of Zin.
  4098 | D:4      | Found Egeiluf's Fire Supplies.
  4460 | D:4      | Found Giefopy's General Store.
  4465 | D:4      | Bought a potion of curing for 30 gold pieces
  4465 | D:4      | Bought a scroll of identify for 20 gold pieces
  4465 | D:4      | Bought a potion of cancellation for 80 gold pieces
  4584 | D:3      | Reached XP level 7. HP: 20/45 MP: 6/12
  4785 | D:4      | Found a staircase to the Ecumenical Temple.
  4811 | Temple   | Entered the Ecumenical Temple
  4854 | Temple   | Became a worshipper of Sif Muna the Loreminder
  5132 | D:4      | Found a white marble altar of Elyvilon.
  5346 | D:4      | Bought 2 potions of heal wounds for 100 gold pieces
  5348 | D:5      | Entered Level 5 of the Dungeon
  5641 | D:4      | Mangled by an iguana

Illustrated notes

Levels and vault maps discovered:
D:1:      scummos_arrival_star, layout_loops_ring
D:2:      layout_rooms
D:3:      layout_basic, mainiacjoe_overflow_alcove_2, grunt_decor_resistance,
          chequers_serial_rivers_small_a, nicolae_elevator_lobby_plus
D:4:      layout_cave_pools, nicolae_elyvilon_peaceful_grove,
          minmay_temple_entry_junction, serial_shops, shop,
          nicolae_shop_fire_sale [nicolae_sub_dead_trees]
D:5:      layout_rooms, dancing_weapons_uskayaw, grunt_ministairs_13
Temple:   hellmonk_temple_of_storms

Skill      XL: |  1  2  3  4  5  6  7 |
---------------+----------------------+-----
Stealth        | 3 4 5 |  5.0
Poison Magic   | 4 |  4.5
Air Magic      | 1 2 |  2.0
Transmutations | 2 |  2.0
Spellcasting   | 3 4 |  4.2
Fighting       | 1 2 |  2.7
Dodging        | 3 |  3.5

Action                     |  1- 3 |  4- 6 |  7- 9 || total
---------------------------+-------+-------+-------++-------
  Melee: Unarmed           |     5 |       |       ||     5
         Tentacles         |    11 |    12 |     9 ||    32
         Constrict         |    10 |    16 |    10 ||    36
         Short sword       |    17 |    58 |    26 ||   101
         Dagger            |     4 |       |       ||     4
         Punch             |     1 |     1 |       ||     2
   Cast: Sting             |    36 |    32 |     9 ||    77
         Poisonous Vapours |     7 |    72 |    22 ||   101
    Use: Scroll            |       |     4 |     3 ||     7
 Armour: Skin              |       |     3 |     4 ||     7
  Dodge: Dodged            |    18 |    27 |    36 ||    81

Table legend: (Time is in decaauts)
 A = Elapsed time spent in this place.
 B = Non-inter-level travel time spent in this place.
 C = Inter-level travel time spent in this place.
 D = Time resting spent in this place.
 E = Time spent auto-exploring this place.
 F = Levels seen in this place.
 G = Mean time per level.
                   A        B        C        D        E       F      G
               +--------+--------+--------+--------+--------+-----+--------+
         Total |   5649 |   5482 |    167 |   1558 |   2947 |   6 |  941.5 |
       Dungeon |   5601 |   5438 |    163 |   1558 |   2925 |   5 | 1120.2 |
        Temple |     48 |     44 |      4 |      0 |     22 |   1 |   48.0 |
               +--------+--------+--------+--------+--------+-----+--------+

Top non-repeatable levels by time:
     D:3: 1936 daAuts
     D:4: 1304 daAuts
     D:2: 1211 daAuts
     D:1: 1031 daAuts
     D:5: 117 daAuts
  Temple: 48 daAuts
